Map: Lerilak Crest

Players

llllllllllll - Winner!

  • Race: Terran Terran

Solipsis

  • Race: Terran Terran
  • League: Silver

VOD

Have the link to the VOD?

Description

Time

  • Played on: Dec. 6, 2015, 3:30 a.m.
  • Length: 29:41
Show
View Real Time Build Order
Export as new Build Order

llllllllllll Terran - Winner!

Build Orders:  

Get SALT Encoding   

  12  0:01  SCV  
  13  0:16  Supply Depot  
  13  0:17  SCV  
  14  0:25  Refinery  
  14  0:29  SCV  
  15  0:46  SCV, Barracks  
  16  0:58  SCV  
  17  1:10  SCV  
  18  1:22  SCV  
  19  1:33  Marine  
  19  1:34  SCV  
  21  1:42  Supply Depot  
  21  1:46  Orbital Command  
  21  1:51  Factory  
  21  1:54  Refinery  
  21  1:55  Marine  
  22  2:13  SCV, Marine  
  24  2:30  Command Center  
  24  2:31  SCV, Marine  
  26  2:37  Supply Depot  
  26  2:42  Hellion  
  28  2:52  Starport  
  28  2:55  Barracks Reactor  
  28  3:06  Hellion  
  28  3:08  SCV  
  31  3:19  Supply Depot  
  31  3:20  SCV  
  32  3:28  Medivac  
  32  3:30  Factory Tech Lab  
  32  3:33  Barracks  
  32  3:34  Marine  
  35  3:43  SCV  
  35  3:46  Orbital Command  
  36  4:03  Widow Mine  
  36  4:04  Marine x2  
  36  4:08  SCV  
  41  4:11  Engineering Bay  
  41  4:19  Medivac  
  41  4:22  Marine  
  45  4:24  Barracks Tech Lab  
  45  4:26  Marine  
  45  4:46  Missile Turret, Orbital Command  
  45  4:49  SCV  
  46  4:53  Terran Infantry Weapons Level 1  
  46  4:56  Armory  
  46  5:00  Starport Reactor  
  46  5:01  SCV  
  47  5:13  SCV  
  47  5:14  SCV  
  49  5:18  Supply Depot  
  49  5:20  Supply Depot  
  49  5:22  Marine  
  49  5:25  SCV  
  49  5:26  SCV  
  49  5:27  Refinery  
  52  5:31  Combat Shields  
  52  5:38  SCV  
  43  5:47  Marauder, Marine x2  
  47  6:09  Marauder  
  48  6:20  Marine x2  
  48  6:22  Hellion  
  48  6:23  Infernal Pre-Igniter  
  48  6:25  SCV  
  53  6:28  Refinery  
  53  6:30  Marauder  
  53  6:43  Hellion  
  55  6:48  Starport  
  55  6:51  Terran Infantry Armor Level 1  
  55  6:52  Engineering Bay  
  55  6:54  Marauder, Marine x2  
  56  6:56  Medivac x2  
  56  7:00  SCV x2  
  65  7:05  Hellion  
  65  7:07  Supply Depot  
  67  7:12  SCV, Missile Turret  
  68  7:16  Marauder  
  68  7:17  Missile Turret  
  68  7:19  Supply Depot, Terran Infantry Weapons Level 2  
  70  7:25  Barracks  
  70  7:27  Barracks  
  70  7:28  Starport Tech Lab  
  70  7:31  Marine x2  
  70  7:37  Terran Vehicle Weapons Level 1, Marine  
  72  7:40  Liberator  
  72  7:41  SCV  
  74  7:46  Supply Depot, Liberator  
  74  7:49  Marine  
  75  7:51  Raven  
  80  8:05  SCV x2  
  85  8:09  Supply Depot  
  85  8:14  Barracks Tech Lab  
  85  8:15  Barracks Tech Lab  
  85  8:17  SCV  
  86  8:20  Missile Turret  
  86  8:22  Missile Turret  
  86  8:28  SCV  
  86  8:29  SCV  
  88  8:39  Concussive Shells  
  88  8:40  SCV, Stimpack  
  88  8:41  SCV, Marine  
  90  8:42  Marine  
  90  8:43  Starport  
  90  8:47  Supply Depot  
  92  8:52  SCV, Supply Depot  
  92  8:53  SCV  
  94  8:57  Supply Depot  
  94  8:58  Liberator  
  94  8:59  Supply Depot, Liberator  
  100  9:20  Command Center  
  100  9:21  Starport Reactor  
  100  9:24  Liberator  
  100  9:41  Liberator  
  100  9:42  Missile Turret x2  
  100  9:43  Missile Turret  
  100  9:44  Missile Turret, Terran Infantry Armor Level 2  
  103  9:49  SCV x2  
  108  10:01  SCV  
  108  10:05  SCV, Fusion Core  
  110  10:13  SCV  
  111  10:17  SCV  
  111  10:19  Missile Turret  
  111  10:21  Refinery  
  112  10:25  SCV, Hellion, Refinery  
  115  10:29  SCV  
  116  10:37  SCV  
  117  10:46  Hellion  
  119  10:55  Viking x3  
  119  10:56  Viking  
  129  10:57  Marine x3  
  129  10:58  Marine  
  129  11:01  SCV  
  135  11:04  Supply Depot  
  135  11:08  Hellion  
  135  11:10  Orbital Command  
  136  11:12  Supply Depot  
  136  11:16  SCV x2  
  138  11:23  Raven  
  138  11:25  Viking  
  140  11:27  Marine x4  
  140  11:28  SCV, Marine  
  140  11:29  SCV  
  147  11:34  Terran Infantry Weapons Level 3  
  147  11:45  Marine  
  148  11:56  Marine, Marauder x2  
  148  11:57  Marauder  
  155  12:02  Marine  
  155  12:03  Armory  
  155  12:06  Armory  
  156  12:09  Terran Vehicle Weapons Level 2  
  155  12:30  Liberator  
  155  12:34  Hyperflight Rotors  
  154  12:44  Marine x2, Marauder x3  
  165  13:02  Marine  
  165  13:05  Marauder  
  163  13:50  Marine x2, Marauder x3  
  171  14:02  Liberator x3  
  171  14:05  Liberator x2  
  171  14:06  Advanced Ballistics  
  171  14:07  Marine  
  172  14:22  Marauder  
  189  14:25  Terran Vehicle And Ship Armor Level 1  
  188  14:37  Command Center, Terran Vehicle Weapons Level 3  
  188  14:40  Refinery  
  188  14:41  Missile Turret  
  188  14:42  Missile Turret  
  188  14:55  Supply Depot  
  188  14:57  Supply Depot  
  188  14:58  Supply Depot  
  188  14:59  SCV, Liberator x2  
  189  15:03  Supply Depot  
  189  15:04  Supply Depot  
  189  15:05  Supply Depot x3  
  189  15:17  SCV x3  
  183  15:28  Command Center  
  183  15:29  SCV x2  
  184  15:41  SCV  
  154  16:35  Marauder, Marine x3  
  154  16:36  Marauder  
  157  16:40  Hellion  
  157  16:52  Marine  
  157  16:53  Marauder, Marine  
  161  16:57  Marauder x2  
  162  17:10  Marine  
  162  17:11  Marine  
  162  17:15  Marauder  
  166  17:18  Marauder x2  
  170  17:28  SCV, Marine x2  
  173  17:36  Marine  
  174  17:39  Marine x2  
  176  17:44  Medivac  
  176  17:46  Marine x2  
  180  17:51  Orbital Command  
  180  17:53  Marine  
  180  17:57  Marine x2  
  183  18:04  Marine x2  
  185  18:11  Marine  
  186  18:30  Terran Vehicle And Ship Armor Level 2  
  186  18:31  Terran Ship Weapons Level 1  
  186  18:38  Medivac x5  
  196  18:42  SCV x2  
  196  18:46  Orbital Command  
  198  18:54  SCV x2  
  199  19:57  SCV  
  200  20:10  Refinery  
  200  20:13  Command Center  
  200  20:14  Command Center  
  200  20:17  Command Center  
  200  20:21  Orbital Command  
  200  20:37  Terran Ship Weapons Level 2  
  200  20:48  Orbital Command  
  200  21:14  Refinery  
  200  21:15  Missile Turret x2  
  200  21:17  Refinery, Missile Turret  
  200  21:18  Missile Turret  
  200  22:36  Orbital Command  
  200  22:38  Orbital Command x2  
  200  23:01  Refinery  
  200  23:10  Supply Depot  
  200  23:52  Supply Depot  
  200  25:51  Terran Vehicle And Ship Armor Level 3, Terran Ship Weapons Level 3  
  200  25:54  Terran Infantry Armor Level 3  
  200  25:55  Hi-Sec Auto Tracking  
  200  26:07  Starport  
  200  26:08  Starport  
  200  26:15  Refinery  
  200  26:28  Starport  
  200  26:29  Starport  
  200  26:30  Starport  
  200  26:52  Neosteel Frame  
Show
View Real Time Build Order
Export as new Build Order

Solipsis Terran 

Build Orders:  

Get SALT Encoding   

  12  0:01  SCV  
  13  0:13  SCV  
  14  0:18  Supply Depot  
  14  0:25  SCV  
  15  0:39  SCV  
  15  0:42  Barracks  
  16  0:51  SCV  
  16  0:52  Refinery  
  17  1:04  SCV  
  18  1:15  Refinery  
  18  1:16  SCV  
  19  1:28  SCV  
  19  1:29  Marine  
  19  1:30  Supply Depot  
  21  1:42  Orbital Command  
  21  1:55  Factory  
  21  2:02  Barracks Reactor  
  21  2:04  Supply Depot  
  21  2:19  SCV  
  22  2:31  SCV  
  25  2:53  Command Center  
  23  3:01  SCV  
  23  3:03  Barracks Reactor, Widow Mine x2  
  28  3:11  Factory  
  28  3:51  Widow Mine x2  
  28  3:53  Marine x2  
  33  4:08  Starport  
  33  4:09  Factory Tech Lab  
  33  4:11  Barracks  
  33  4:12  Marine  
  33  4:13  Marine  
  35  4:17  Engineering Bay  
  35  4:19  Engineering Bay  
  35  4:29  Widow Mine x2  
  39  4:39  SCV  
  40  4:57  Widow Mine  
  40  4:59  Widow Mine  
  44  5:01  Siege Tank  
  47  5:12  Starport Reactor  
  47  5:14  Barracks Tech Lab, Marine  
  47  5:15  Marine  
  49  5:23  Supply Depot  
  49  5:33  Missile Turret  
  49  5:39  Missile Turret  
  49  5:49  Siege Tank  
  52  5:53  Missile Turret  
  44  6:17  Missile Turret  
  44  6:22  SCV x2  
  40  6:34  SCV  
  40  6:38  Siege Tank  
  40  6:39  Missile Turret  
  44  6:46  SCV  
  45  6:54  SCV  
  45  6:58  SCV  
  47  7:06  SCV, Stimpack  
  48  7:09  Factory Tech Lab  
  48  7:23  Orbital Command  
  48  7:34  Marine  
  48  7:35  Marine  
  50  7:39  Marauder  
  52  7:48  Liberator  
  52  8:00  Siege Tank  
  55  8:11  SCV  
  59  8:16  SCV  
  60  8:26  Marine x2  
  62  8:39  Missile Turret  
  62  8:59  Supply Depot, Missile Turret  
  62  9:02  Supply Depot  
  62  9:13  Armory  
  62  9:21  SCV x2, Armory  
  64  9:33  SCV x2  
  66  9:42  Marine x2  
  66  9:43  Marauder  
  72  9:45  SCV x2  
  72  9:51  Siege Tank  
  85  10:00  Medivac  
  77  10:14  Medivac  
  77  10:17  Barracks  
  77  10:32  Factory Reactor  
  77  10:39  SCV  
  77  10:41  Barracks  
  78  11:04  Supply Depot  
  78  11:07  Supply Depot  
  78  11:14  Refinery  
  78  11:25  Marauder, Medivac x2, Widow Mine  
  86  11:26  Supply Depot  
  86  11:28  Widow Mine  
  86  11:29  SCV x2  
  90  11:41  SCV x2  
  92  11:47  Terran Vehicle Weapons Level 1  
  92  11:48  Terran Vehicle And Ship Armor Level 1  
  92  11:50  Terran Infantry Weapons Level 1, Terran Infantry Armor Level 1  
  92  11:53  SCV  
  93  12:07  Combat Shields  
  93  12:09  Concussive Shells  
  93  12:10  Marine x4  
  93  12:11  Marauder x2  
  101  12:28  Marine  
  102  12:53  Supply Depot  
  102  13:00  Medivac  
  102  13:06  Medivac  
  102  13:14  Marine x3, Widow Mine  
  102  13:15  Marauder  
  109  13:21  Marauder  
  109  13:22  Command Center  
  109  13:27  Marine  
  110  13:36  Marine x3  
  109  13:45  Marine  
  110  13:51  Supply Depot  
  110  13:53  Supply Depot  
  110  13:54  Supply Depot  
  110  14:12  Widow Mine  
  110  14:13  Siege Tank, Marauder  
  110  14:15  Marauder  
  110  14:16  Supply Depot  
  119  14:26  Marine  
  119  14:27  Marine x3  
  123  14:34  Marauder  
  123  14:36  Marauder  
  127  14:41  SCV x2  
  127  14:42  Orbital Command  
  127  14:44  Marine x2  
  131  14:53  SCV x2  
  131  14:55  Refinery  
  131  14:56  Marauder  
  135  15:05  SCV x2  
  137  15:29  Marauder x2, Marine x4  
  137  15:34  Siege Tank  
  148  15:36  Widow Mine x2  
  131  15:46  Marine  
  131  15:47  Marine x2  
  128  15:51  Marauder x2  
  106  16:04  Marine x3  
  106  16:05  Marine  
  106  16:06  Siege Tank  
  103  16:12  Marauder x2  
  94  16:22  Marine x4  
  48  16:33  Marauder, Marine  
  32  16:40  Marine  
  18  18:00  Command Center x2  
  18  18:01  Command Center  
  18  18:04  Command Center  
  15  19:35  Command Center  
Tags
 
League
Silver
Matchup
TvT
Race
Terran
Add a new tag
Caveats
  • Supply blocks, unpowered buildings, or Contaminate may cause inaccurate times.
  • Supply counts are checked every 10 seconds.